 Dungeon Crawl Stone Soup version 0.28.0-1-gb440e238dd (webtiles) character file.

Game seed: 13719831577726171940

101 mcwallace the Skirmisher (level 4, -1/36 HPs)
             Began as a Demonspawn Fighter on Feb 20, 2022.
             Slain by a gnoll (5 damage)
             ... on level 3 of the Dungeon.
             The game lasted 00:04:42 (2729 turns).

mcwallace the Skirmisher (Demonspawn Fighter)       Turns: 2729, Time: 00:04:42

Health: -1/36      AC:  6    Str: 17    XL:     4   Next: 48%
Magic:  5/5        EV:  9    Int: 11    God:
Gold:   132        SH:  4    Dex: 12    Spells: 5/5 levels left

rFire   . . .      SeeInvis .   a - +0 war axe {axe}
rCold   . . .      Faith    .   c - +0 buckler
rNeg    . . .      Spirit   .   b - +0 scale mail
rPois   .          Reflect  .   (no helmet)
rElec   .          Harm     .   (no cloak)
rCorr   .          Rampage  .   (no gloves)
Will    .....                   (no boots)
Stlth   ..........              (no amulet)
HPRegen 0.12/turn               (no ring)
MPRegen 0.18/turn               (no ring)

@: no status effects
A: claws 1, demonic guardian 1, magic regeneration
a: no special abilities


You were on level 3 of the Dungeon.
You visited 1 branch of the dungeon, and saw 3 of its levels.

You collected 132 gold pieces.


Innate Abilities, Weirdness & Mutations

You have sharp fingernails.
A weak demonic guardian rushes to your aid.
You regenerate magic rapidly.


   Skills:
 + Level 3.6 Fighting
 - Level 2.1 Axes
 + Level 3.2 Armour
 + Level 1.0 Dodging
 + Level 3.3 Shields
 + Level 1.0 Spellcasting


You had 5 spell levels left.
You didn't know any spells.
Your spell library contained the following spells:

 Spells                   Type           Power      Damage    Failure   Level
 Summon Guardian Golem    Hex/Summ       0%         N/A       99%         3
 Orb of Destruction       Conj           0%         9d5       100%        7
 Spellforged Servitor     Conj/Summ      0%         N/A       100%        7

Inventory:

Hand Weapons
 a - a +0 war axe (weapon) {axe}
Missiles
 e - 30 stones (quivered) {throwing}
 j - 61 sling bullets
 k - 24 bolts
Armour
 b - a +0 scale mail (worn)
 c - a +0 buckler (worn)
Scrolls
 d - a scroll of enchant armour {unknown}
 f - 2 scrolls of fear {unknown}
 i - a scroll of amnesia {unknown}
 l - a scroll of silence {unknown}
Potions
 g - 2 potions of flight {unknown}
 h - 2 potions of curing {unknown}

Dungeon Overview and Level Annotations

Branches:
Dungeon (3/15)

Altars:
Hepliaklqana

Shops:
D:1 (:((

Annotations:
D:2 Sigmund

#..... .....##
......# ..>..[#
.....w#####
...g......####
#...#####....###
...## #..w...###
.### #.....g5@#
. #......#g# #
#......#.#
########....#
####..# ..# ...
.. .


You could see a worm, 2 gnolls and a friendly white imp (summoned).


Message History

The adder poisons you! The adder bites you. 😕 HP[-2]
You take 2 damage, and now have 33/35 hp.
You barely miss the adder.
You feel sick. The adder bites you but does no damage.
Your ufetubus hits the adder. Your ufetubus misses the adder.
The adder misses your ufetubus.
Your ufetubus barely misses the adder.
Your ufetubus hits the adder. 😕 HP[-2]
You take 2 damage, and now have 31/35 hp.
You catch the helpless adder completely off-guard!
You slash the adder!
You kill the adder!
You feel sick. 😕 HP[-1]
You take 1 damage, and now have 30/35 hp.
No target in view!
No target in view!
You feel sick.
You are no longer poisoned.
Your ufetubus disappears in a puff of smoke!
A worm comes into view. 😎 HP[+5]
Your hp is fully restored (35).
A worm is nearby!
A gnoll comes into view. It is wielding a +0 whip.
The gnoll shouts!
You hear a shout!
The gnoll moves out of view. 2 gnolls come into view.
The gnoll shouts! x2
You slash the worm! You block the worm's attack.
You barely miss the worm. You block the worm's attack.
The gnoll closely misses you.
You barely miss the gnoll. The gnoll barely misses you. The gnoll misses you.
You barely miss the gnoll.
The gnoll hits you from afar with a +0 spear.
The gnoll hits you with a +0 whip.
A gnoll comes into view. It is wielding a +0 whip.
The gnoll hits you from afar with a +0 spear. 😮 HP[-16]
You take 16 damage, and now have 19/35 hp.
MASSIVE DAMAGE!! (PAUSE)
The gnoll shouts!
You hit the gnoll. The gnoll hits you with a +0 whip.
* * * LOW HITPOINT WARNING * * *
The gnoll hits you but does no damage. The gnoll closely misses you. 😨 HP[-5]
You take 5 damage, and now have 14/35 hp.
There is a stone staircase leading up here. 😨 HP[+1]
You climb upwards.
Level annotation: Sigmund
There is a stone staircase leading down here.
You start resting. 😎 HP[+20]
Your hp is fully restored (35).
You climb downwards.
The gnoll hits you with a +0 whip. x2
A demonic guardian appears!
The gnoll hits you with a +0 whip.
There is a stone staircase leading up here. 😮 HP[-9]
You take 9 damage, and now have 26/35 hp.
MASSIVE DAMAGE!! (PAUSE)
You barely miss the gnoll. You hit the gnoll. The gnoll barely misses you.
The gnoll hits you with a +0 whip.
Your white imp hits the gnoll.
Your white imp freezes the gnoll.
The gnoll closely misses you. 😮 HP[-1]
You take 1 damage, and now have 25/35 hp.
You barely miss the gnoll. You hit the gnoll.
You kill the gnoll!
The gnoll hits you with a +0 whip.
Your white imp gestures at the gnoll.
The puff of frost hits the gnoll!
The gnoll barely misses you. The gnoll closely misses you.
Your Dodging skill increases to level 1!
Your Spellcasting skill increases to level 1! 😮 HP[-2]
You now have 36 max hp (+1).
You take 2 damage, and now have 23/36 hp.
You barely miss the gnoll. You hit the gnoll.
Your white imp closely misses the gnoll.
The gnoll closely misses you. The gnoll hits you but does no damage.
The gnoll hits you from afar with a +0 spear.
Your white imp hits the gnoll.
Your white imp freezes the gnoll. 😮 HP[-4]
You take 4 damage, and now have 19/36 hp.
You barely miss the gnoll. x2; The gnoll hits you with a +0 whip.
* * * LOW HITPOINT WARNING * * *
The gnoll barely misses you.
Your white imp barely misses the gnoll.
The gnoll barely misses you. The gnoll hits you with a +0 whip.
* * * LOW HITPOINT WARNING * * *
The gnoll hits you with a +0 whip.
* * * LOW HITPOINT WARNING * * *
😱 HP[-10]
You take 10 damage, and now have 9/36 hp.
MASSIVE DAMAGE!! (PAUSE)
You barely miss the gnoll. You slash the gnoll!
You kill the gnoll!
The gnoll hits you from afar with a +0 spear.
* * * LOW HITPOINT WARNING * * *
The gnoll hits you with a +0 whip.
You die...

Skill      XL: |  1  2  3  4 |
---------------+-------------+-----
Axes           | 2 |  2.1
Shields        | 3 |  3.3
Armour         | 3 |  3.2
Dodging        | 1 |  1.0
Spellcasting   | 1 |  1.0
Fighting       | |  3.6

Action                   |  1- 3 |  4- 6 || total
-------------------------+-------+-------++-------
Melee: War axe           |   135 |    13 ||   148
Throw: Stone             |     4 |       ||     4
  Use: Potion            |     1 |       ||     1
 Stab: Distracted        |       |     1 ||     1
Armor: Scale mail        |    87 |     3 ||    90
Dodge: Dodged            |    64 |    11 ||    75
Block: Buckler           |    36 |     2 ||    38

Levels and vault maps discovered:
D:1:      lightli_arrival_windingriver, layout_loops_corners, serial_shops,
          shop, shop, nicolae_shop_waterfront, nicolae_shop_overgrown_old_shop,
          dreamdust_ecumenical_altar_statues
D:2:      layout_basic, basic_altar, item_on_display_a, uniq_natasha,
          uniq_sigmund, uniq_terence
D:3:      layout_rooms, serial_shops, shop, shop, nicolae_shop_advertising_works
          [nicolae_subvault_shop_adworks]

Notes
Turn   | Place    | Note
-------+----------+-------------------------------------------
     0 | D:1      | mcwallace the Demonspawn Fighter began the quest for the
                  | Orb.
     0 | D:1      | Reached XP level 1. HP: 18/18 MP: 1/1
     0 | D:1      | magus.rc [v1.9.6]
    23 | D:1      | Found Esi Coub's Antique Weapon Shop.
   310 | D:1      | Reached skill level 2 in Axes
   310 | D:1      | Gained mutation: A weak demonic guardian rushes to your
                  | aid. [demonic ancestry]
   310 | D:1      | Reached XP level 2. HP: 24/24 MP: 2/2
   326 | D:1      | Found Buefipha's Weapon Shoppe.
   509 | D:1      | Found a faded altar of an unknown god.
   538 | D:1      | Reached skill level 3 in Shields
   698 | D:1      | Reached skill level 3 in Armour
   778 | D:1      | Found Xirch's Antique Weapon Emporium.
   786 | D:1      | Found Udydukheov's Book Shoppe.
   961 | D:1      | Gained mutation: You have sharp fingernails. [demonic
                  | ancestry]
   961 | D:1      | Reached XP level 3. HP: 29/29 MP: 3/3
  1166 | D:2      | You pick up a book of Dangerous Friends and begin
                  | reading...
  1166 | D:2      | You add the spells Summon Guardian Golem, Orb of
                  | Destruction and Spellforged Servitor to your library.
  1314 | D:2      | Found a hazy altar of Hepliaklqana.
  1704 | D:2      | Noticed Sigmund
  1721 | D:2      | HP: 2/29 [something/puff of flame (9)]
  2113 | D:2      | Noticed Terence
  2131 | D:2      | HP: 7/29 [Terence (1)]
  2133 | D:2      | Killed Terence
  2134 | D:2      | Gained mutation: You regenerate magic rapidly. [demonic
                  | ancestry]
  2134 | D:2      | Reached XP level 4. HP: 6/35 MP: 3/5
  2727 | D:3      | Reached skill level 1 in Dodging
  2727 | D:3      | Reached skill level 1 in Spellcasting
  2728 | D:3      | HP: 9/36 [gnoll (3)]
  2729 | D:3      | HP: 4/36 [gnoll (5)]
  2729 | D:3      | Slain by a gnoll

Vanquished Creatures
  2 gnolls (D:3)
  2 adders
  2 dart slugs (D:2)
  5 bats
  7 endoplasms
  A giant cockroach (D:1)
  4 goblins
  3 hobgoblins (D:1)
  6 jackals
  3 quokkas
  3 ball pythons
  2 frilled lizards (D:2)
  2 kobolds
  2 rats
44 creatures vanquished.

Vanquished Creatures (collateral kills)
  Terence (D:2)
1 creature vanquished.

Grand Total: 45 creatures vanquished

Table legend:
 A = Non-vault XP
 B = Vault XP
 C = Vault XP percentage of total XP
 D = Non-vault monster count
 E = Vault monster count
 F = Vault count percentage of total count
                 A         B        C        D         E       F
            +---------+---------+-------+---------+---------+-------
      Total |     127 |      32 |  20.1 |      44 |       1 |   2.2
            +---------+---------+-------+---------+---------+-------
        D:1 |      41 |       0 |   0.0 |      23 |       0 |   0.0
        D:2 |      45 |      32 |  41.6 |      18 |       1 |   5.3
        D:3 |      41 |       0 |   0.0 |       3 |       0 |   0.0
            +---------+---------+-------+---------+---------+-------

Illustrated notes

Table legend:
 A = Kills in this place as a percentage of kills in entire the game.
 B = Kills by you in this place as a percentage of kills by you in the entire game.
 C = Kills by friends in this place as a percentage of kills by friends in the entire game.
 D = Other kills in this place as a percentage of other kills in the entire game.
 E = Experience gained in this place as a percentage of experience gained in the entire game.
 F = Experience gained in this place divided by the number of levels of this place that you have seen.
                   A       B       C       D       E      F
               +-------+-------+-------+-------+-------+----------------------
         Total | 100.0 | 100.0 | 100.0 |   N/A | 100.0 |  53.0
       Dungeon | 100.0 | 100.0 | 100.0 |   N/A | 100.0 |  53.0
               +-------+-------+-------+-------+-------+----------------------

Table legend: (Time is in decaauts)
 A = Elapsed time spent in this place.
 B = Non-inter-level travel time spent in this place.
 C = Inter-level travel time spent in this place.
 D = Time resting spent in this place.
 E = Time spent auto-exploring this place.
 F = Levels seen in this place.
 G = Mean time per level.
                   A        B        C        D        E       F      G
               +--------+--------+--------+--------+--------+-----+--------+
         Total |   2798 |   2770 |     28 |    655 |   1565 |   3 |  932.7 |
       Dungeon |   2798 |   2770 |     28 |    655 |   1565 |   3 |  932.7 |
               +--------+--------+--------+--------+--------+-----+--------+

Top non-repeatable levels by time:
     D:2: 1389 daAuts
     D:1: 1305 daAuts
     D:3: 104 daAuts
